 Dungeon Crawl Stone Soup version 0.31-a0-841-g038b102fc3 (webtiles) character file.

Game seed: 10461219532031798258

543 Kurtz the Chopper (level 7, 0/46 HPs)
             Began as an Octopode Fighter on Sept 27, 2023.
             Slain by a jelly (1 damage)
             ... on level 5 of the Dungeon.
             The game lasted 00:03:30 (4550 turns).

Kurtz the Chopper (Octopode Fighter)                Turns: 4550, Time: 00:03:31

Health: 0/46       AC: -7    Str: 15    XL:     7   Next: 27%
Magic:  7/7        EV: 13    Int: 10    God:
Gold:   303        SH:  5    Dex: 14    Spells: 6/6 levels left

rFire   + . .        u - +2 whip (flame)
rCold   + . .        b - +0 buckler
rNeg    + . .        (helmet restricted)
rPois   +            (no amulet)
rElec   +            k - ring of positive energy
rCorr   +            (no ring)
SInv    .            (no ring)
Will    .....        (no ring)
Stlth   ++++         (no ring)
HPRegen 0.27/turn    (no ring)
MPRegen 0.10/turn    (no ring)
                     (no ring)

%: no passive effects
@: resistant, corroded
A: almost no armour, amphibious, 8 rings, camouflage 1, gelatinous body 1,
(nimble swimmer 1), tentacles
a: no special abilities


You were on level 5 of the Dungeon.
You visited 1 branch of the dungeon, and saw 5 of its levels.

You collected 303 gold pieces.

Inventory:

Hand Weapons
 a - a +0 war axe
 r - a +2 flail of draining
 u - a +2 whip of flaming (weapon)
Missiles
 o - 6 poisoned darts
Armour
 b - a +0 buckler (worn)
Jewellery
 d - a ring of protection from fire
 k - a ring of positive energy (left tentacle)
Wands
 p - a wand of paralysis (9)
Scrolls
 e - 3 scrolls of noise {unknown}
 g - a scroll of acquirement {unknown}
 i - 3 scrolls of identify {unknown}
 j - a scroll of teleportation {unknown}
 l - 2 scrolls of fog {unknown}
 t - a scroll of enchant weapon {unknown}
Potions
 c - a potion of might
 f - a potion of resistance
 h - a potion of ambrosia {unknown}
 m - 2 potions of cancellation {unknown}
 n - a potion of invisibility {unknown}
 q - a potion of heal wounds {unknown}
 s - a potion of attraction {unknown}


   Skills:
 * Level 3.0 Fighting
 * Level 7.0 Axes
 * Level 3.0 Dodging
 - Level 4.1 Stealth
 - Level 3.0 Shields


You had 6 spell levels left.
You didn't know any spells.
Your spell library contained the following spells:

 Spells                   Type           Power      Damage    Failure   Level
 Shock                    Conj/Air       0%         1d3       45%         1
 Sting                    Tmut/Pois      0%         1d3       45%         1
 Poisonous Vapours        Pois/Air       0%         N/A       58%         2
 Swiftness                Air            0%         N/A       83%         3
 Airstrike                Air            0%         2d(0-16)  99%         4
 Olgreb's Toxic Radiance  Pois           0%         N/A       99%         4


Dungeon Overview and Level Annotations

Branches:
Dungeon (5/15)
 Temple: D:4-7

Altars:
Fedhas

Annotations:
D:4 exclusion: downstairs


Innate Abilities, Weirdness & Mutations

You cannot wear most types of armour.
You are amphibious.
You can wear up to eight rings at the same time.
Your skin changes colour to match your surroundings (Stealth+).
Your rubbery body absorbs attacks. (AC +1, EV +1)
((You are camouflaged when in or above water. (Stealth+)))
You have tentacles for arms and can constrict up to eight enemies at once.


Message History

A gnoll is nearby!
Unknown command.
You sock the gnoll! You drain the gnoll.
You kill the gnoll!
You now have 303 gold pieces (gained 25).
You see here a +2 whip of flaming.
u - a +2 whip of flaming Your +2 whip of flaming bursts into flame!
u - a +2 whip of flaming (weapon)
Things that are here:
a +0 halberd; a gnoll corpse
Things that are here:
a +0 spear; a gnoll corpse
Found a blossoming altar of Fedhas.
e - 3 scrolls labelled MEMIN SEQAC (gained 1)
Found a ring mail.
m - 2 blue potions (gained 1)
A jelly comes into view. 2 orcs come into view.
An orc comes into view. It is wielding a +0 dagger.
You see here an adder skeleton.
You swing at nothing.
You swing at nothing.
You hit the jelly. You burn the jelly.
Your tentacles burn!
The jelly is moderately wounded.
The jelly hits you. The acid corrodes you!
You are splashed with acid!
You hit the jelly. You burn the jelly.
Your tentacles burn!
The jelly is heavily wounded.
The jelly hits you. The acid corrodes you!
You are splashed with acid!
You hit the jelly. You burn the jelly.
Your tentacles burn!
* * * LOW HITPOINT WARNING * * *
The jelly is severely wounded.
The jelly hits you.
* * * LOW HITPOINT WARNING * * *
You are splashed with acid!
* * * LOW HITPOINT WARNING * * *
It was a potion of resistance.
You feel protected. The jelly hits you.
You die...

#.....# ### #.....# ##### #####
#.....# ###>..####.##....
########.########.[........##..<.
...#####.#.........###.######$...
...................# #..# ##....
......##.#..######## ##.# ##...g.
...##..#...############.###......
##...#..........@J...##......g...
.....##..###########..(........#.
###...........##
##.รท............ #
##....#####..# #..###.......... #
###...#####.###.......#...#... #
#[....###......###.##..#.... #
##.................#..#..#.. #
##...##...........#..#.##.. #
##..##.....#........#


You could see a jelly.

Vanquished Creatures
  Grinder (D:4)
  A hound (D:2)
  An orc priest (D:3)
  Ijyb (D:3)
  3 orc wizards (D:4)
  3 gnolls (D:5)
  6 adders
  A white imp (D:3)
  A worm (D:2)
  3 dart slugs
  12 orcs
  3 bats
  8 endoplasms
  A giant cockroach (D:1)
  2 goblins
  8 hobgoblins
  6 jackals (D:2)
  3 quokkas
  6 ball pythons
  4 frilled lizards
  4 kobolds
  4 rats
82 creatures vanquished.

Notes
Turn   | Place    | Note
-------+----------+-------------------------------------------
     0 | D:1      | Kurtz the Octopode Fighter began the quest for the Orb.
     0 | D:1      | Reached XP level 1. HP: 16/16 MP: 1/1
   165 | D:1      | Reached XP level 2. HP: 21/21 MP: 2/2
   242 | D:1      | Found a faded altar of an unknown god.
   500 | D:1      | Reached skill level 3 in Axes
  1137 | D:2      | Reached XP level 3. HP: 21/26 MP: 3/3
  1139 | D:2      | Reached skill level 1 in Stealth
  1337 | D:2      | Reached skill level 4 in Axes
  1337 | D:2      | Reached XP level 4. HP: 27/31 MP: 4/4
  2603 | D:3      | Noticed Ijyb
  2613 | D:3      | Paralysed by Ijyb for 3 turns
  2620 | D:3      | Killed Ijyb
  2621 | D:3      | Reached XP level 5. HP: 33/36 MP: 5/5
  2717 | D:3      | Reached skill level 5 in Axes
  3262 | D:4      | Noticed Grinder
  3263 | D:4      | Paralysed by Grinder for 3 turns
  3273 | D:4      | Killed Grinder
  3274 | D:4      | Reached skill level 6 in Axes
  3274 | D:4      | Reached XP level 6. HP: 30/42 MP: 6/6
  3412 | D:4      | Reached XP level 7. HP: 46/46 MP: 7/7
  4055 | D:5      | Entered Level 5 of the Dungeon
  4402 | D:5      | Reached skill level 7 in Axes
  4496 | D:5      | Found a blossoming altar of Fedhas.
  4549 | D:5      | HP: 1/46 [acid (9)]
  4550 | D:5      | Slain by a jelly

Illustrated notes

Levels and vault maps discovered:
D:1:      matt_arrival_grand_opening, layout_basic,
          ebering_ecumenical_altar_hall
D:2:      layout_basic
D:3:      layout_basic, chequers_avenue, nicolae_concentric_dashed_squares_mild,
          uniq_ijyb
D:4:      layout_loops_corners, uniq_grinder
D:5:      layout_rooms, fedhas_bush_and_centaur_altar, temple_hall

Skill      XL: |  1  2  3  4  5  6  7 |
---------------+----------------------+-----
Axes           | 3 4 6 7 |  7.0
Stealth        | 1 2 3 4 |  4.1
Fighting       | |  3.0
Dodging        | |  3.0
Shields        | |  3.0

Action                     |  1- 3 |  4- 6 |  7- 9 || total
---------------------------+-------+-------+-------++-------
  Melee: War axe           |    44 |    80 |       ||   124
         Tentacles         |     9 |    21 |     7 ||    37
         Constrict         |     9 |    19 |     6 ||    34
         Punch             |     2 |       |     2 ||     4
         Flail             |       |    12 |    31 ||    43
         Whip              |       |       |     3 ||     3
    Use: Potion            |       |     1 |     3 ||     4
   Stab: Sleeping          |     7 |     9 |     2 ||    18
 Armour: Skin              |    14 |    34 |    22 ||    70
  Dodge: Dodged            |    35 |    33 |    13 ||    81
  Block: Buckler           |    10 |    11 |     3 ||    24

Table legend: (Time is in decaauts)
 A = Elapsed time spent in this place.
 B = Non-inter-level travel time spent in this place.
 C = Inter-level travel time spent in this place.
 D = Time resting spent in this place.
 E = Time spent auto-exploring this place.
 F = Levels seen in this place.
 G = Mean time per level.
                   A        B        C        D        E       F      G
               +--------+--------+--------+--------+--------+-----+--------+
         Total |   4603 |   4233 |    370 |    691 |   2886 |   5 |  920.6 |
       Dungeon |   4603 |   4233 |    370 |    691 |   2886 |   5 |  920.6 |
               +--------+--------+--------+--------+--------+-----+--------+

Top non-repeatable levels by time:
     D:1: 1188 daAuts
     D:4: 1119 daAuts
     D:3: 1102 daAuts
     D:2: 774 daAuts
     D:5: 418 daAuts
